 Dungeon Crawl Stone Soup version 0.29.0-5-ge4962eb29e (webtiles) character file.

Game seed: 10563782216474516544

74 Arcadio the Stinger (level 4, -5/30 HPs)
             Began as a Merfolk Venom Mage on Aug 29, 2022.
             Slain by Sigmund
             ... wielding a +1 scythe of venom
              (11 damage)
             ... on level 2 of the Dungeon.
             The game lasted 00:07:10 (3060 turns).

Arcadio the Stinger (Merfolk Venom Mage)            Turns: 3060, Time: 00:07:12

Health: -5/30      AC:  2    Str:  8    XL:     4   Next: 28%
Magic:  4/8        EV: 13    Int: 16    God:
Gold:   83         SH:  0    Dex: 14    Spells: 5/8 levels left

rFire   . . .      SeeInvis .   l - +0 short sword
rCold   + . .      Faith    .   (no shield)
rNeg    . . .      Spirit   .   a - +0 robe
rPois   .          Reflect  .   (no helmet)
rElec   .          Harm     .   (no cloak)
rCorr   .          Rampage  .   (no gloves)
Will    .....                   (no boots)
Stlth   +.........              o - amulet of the acrobat
HPRegen 0.10/turn               n - ring of protection from cold
MPRegen 0.11/turn               (no ring)

@: confused, ambrosia-drunk, flying
A: (nimble swimmer 2), mertail
a: no special abilities


You were on level 2 of the Dungeon.
You visited 1 branch of the dungeon, and saw 2 of its levels.

You collected 83 gold pieces.

Inventory:

Hand Weapons
 e - a +0 hand axe
 l - a +0 short sword (weapon)
Armour
 a - a +0 robe (worn)
Jewellery
 n - a ring of protection from cold (left hand)
 o - an amulet of the acrobat (around neck)
Scrolls
 c - a scroll of teleportation {unknown}
 f - a scroll of enchant weapon {unknown}
 h - 4 scrolls of identify {unknown}
 j - a scroll of poison {unknown}
 k - 2 scrolls of noise {unknown}
Potions
 b - a potion of magic
 d - a potion of flight
 i - a potion of curing {unknown}
 m - a potion of lignification {unknown}


   Skills:
 + Level 4.0 Dodging
 - Level 2.1 Stealth
 + Level 2.8 Spellcasting
 - Level 1.3 Transmutations
 + Level 4.1 Poison Magic


You had 5 spell levels left.
You knew the following spells:

 Your Spells              Type           Power      Damage    Failure   Level
a - Sting                 Tmut/Pois      44%        1d5       6%          1
b - Poisonous Vapours     Pois/Air       16%        N/A       12%         2

Your spell library contained the following spells:

 Spells                   Type           Power      Damage    Failure   Level
 Freeze                   Ice            8%         1d3       19%         1
 Shock                    Conj/Air       8%         1d3       19%         1
 Mephitic Cloud           Conj/Pois/Air  6%         N/A       32%         3
 Olgreb's Toxic Radiance  Pois           15%        N/A       34%         4
 Swiftness                Air            2%         N/A       50%         3
 Airstrike                Air            1%         2d(1-17)  88%         4
 Malign Gateway           Summ/Tloc      1%         N/A       100%        7


Dungeon Overview and Level Annotations

Branches:
Dungeon (2/15) Zot: 8932

Altars:

Annotations:
D:2 Sigmund


Innate Abilities, Weirdness & Mutations

((You are very nimble when in or above water. (Stealth+, EV+, Speed+++)))
Your lower body shifts to a powerful aquatic tail in water.


Message History

Poisonous vapours surround Sigmund!
Sigmund looks even sicker.
Casting: Poisonous Vapours (safe; 12% risk of failure)
Confirm with . or Enter, or press ? or * to list all spells.
Aiming: Poisonous Vapours (safe; 12% risk of failure)
Press: ? - help, Dir - move target, f/p - Sigmund
Aim: Sigmund, wielding a +1 scythe of venom and wearing a +0 robe (lightly wounded, very poisoned) Poisonous vapours surround Sigmund!
Sigmund looks even sicker.
Casting: Poisonous Vapours (safe; 12% risk of failure)
Confirm with . or Enter, or press ? or * to list all spells.
Aiming: Poisonous Vapours (safe; 12% risk of failure)
Press: ? - help, Dir - move target, f/p - Sigmund
Aim: Sigmund, wielding a +1 scythe of venom and wearing a +0 robe (heavily wounded, very poisoned) Poisonous vapours surround Sigmund!
Sigmund looks even sicker.
Sigmund hits you from afar with a +1 scythe of venom!
You are poisoned.
You feel sick.
Sigmund points at you and mumbles some strange words.
The puff of flame misses you.
You feel sick.
You feel sick.
You feel sick.
You feel sick.
You feel sick.
You feel sick.
You are no longer poisoned.
Sigmund points at you and mumbles some strange words.
You are confused.
You bump into the rock wall.
Sigmund gestures at you while chanting. The puff of flame hits you!
* * * LOW HITPOINT WARNING * * *
It was a potion of flight.
You feel very buoyant.
You fly up into the air.
Sorry, you're not good enough to have a special ability.
It was a potion of ambrosia.
You are more confused.
You feel invigorated.
Sigmund hits you from afar with a +1 scythe of venom!
You die...

#..# #.# #.# #.#
#..###.#####.##### #.#
#......##....[...# #.#
##.######......#.# #.#
#.# ####.....##.# #.#
#.###........##.#######.#
#........##........)....#
#####.##.##.###.#########
#.......###@#
####.....@..# ####
####.##### ... #.# .. #.#
.#### #.# ....# #.# .#..#
##.## .#..# #...##


You could see Sigmund (poisoned).

Vanquished Creatures
  Natasha (D:2)
  An adder (D:2)
  2 dart slugs
  6 ball pythons
  3 bats
  3 endoplasms
  2 giant cockroaches (D:2)
  4 goblins
  3 hobgoblins
  A jackal (D:1)
  A kobold (D:1)
  A quokka (D:2)
  2 frilled lizards
  3 rats
33 creatures vanquished.

Notes
Turn   | Place    | Note
-------+----------+-------------------------------------------
     0 | D:1      | Arcadio the Merfolk Venom Mage began the quest for the Orb.
     0 | D:1      | Reached XP level 1. HP: 13/13 MP: 3/3
   422 | D:1      | Reached XP level 2. HP: 19/19 MP: 5/5
   454 | D:1      | Learned a level 2 spell: Poisonous Vapours
  1350 | D:2      | Noticed Sigmund
  1383 | D:2      | Reached XP level 3. HP: 17/24 MP: 0/6
  2358 | D:2      | Found a faded altar of an unknown god.
  2494 | D:2      | Noticed Natasha
  2504 | D:2      | Killed Natasha
  2505 | D:2      | Reached XP level 4. HP: 27/30 MP: 1/8
  2781 | D:2      | Got Sif Muna's Enchiridion on Productive Hoarfrost
  3058 | D:2      | HP: 1/30 [Sigmund/puff of flame (7)]
  3060 | D:2      | Slain by Sigmund

Illustrated notes

Levels and vault maps discovered:
D:1:      nicolae_arrival_memento_mori, layout_basic, minmay_indecisive_spiral
D:2:      minmay_angry_zag, layout_loops_corners,
          shapermc_ecumenical_altar_venn, uniq_natasha, uniq_sigmund

Skill      XL: |  1  2  3  4 |
---------------+-------------+-----
Dodging        | 3 4 |  4.0
Poison Magic   | 4 |  4.1
Stealth        | |  2.1
Spellcasting   | |  2.8
Transmutations | |  1.3

Action                   |  1- 3 |  4- 6 || total
-------------------------+-------+-------++-------
Melee: Hand axe          |    14 |       ||    14
       Unarmed           |     2 |       ||     2
       Short sword       |    33 |    10 ||    43
       Punch             |       |     1 ||     1
 Cast: Sting             |    22 |       ||    22
       Poisonous Vapours |    16 |    17 ||    33
  Use: Potion            |     1 |     2 ||     3
 Stab: Sleeping          |     1 |       ||     1
Armor: Robe              |    13 |     3 ||    16
Dodge: Dodged            |    54 |     9 ||    63
